[Event "Mukachevo IM June 2019"]
[Site "Mukachevo"]
[Date "2019.06.28"]
[Round "7.4"]
[White "Boricsev, Oleg"]
[Black "Terbe, Zsuzsanna"]
[Result "1/2-1/2"]
[ECO "B22"]
[WhiteElo "2252"]
[BlackElo "2160"]
[Annotator "NA"]
[PlyCount "61"]
[EventDate "2019.06.24"]
[EventType "tourn"]
[EventCountry "UKR"]
[SourceTitle "playchess.com"]
[Source "ChessBase"]
[SourceQuality "1"]
[TimeControl "40/5400+30:900+30"]

1. e4 c5 2. c3 d5 3. exd5 Qxd5 4. d4 Nc6 5. Nf3 Bg4 6. Be2 cxd4 7. cxd4 e6 8. h3 Bb4+ 9. Nc3 Bxf3 10. Bxf3 Qc4 11. Be3 Bxc3+ 12. bxc3 Qxc3+ 13. Kf1 Nge7 14. Rb1 O-O 15. Rxb7 Rad8 $15 (15... Rfb8 $17 16. Rxb8+ Rxb8) 16. Kg1 Nd5 17. Kh2 e5 18. Bxd5 Rxd5 19. Qf3 Qa5 20. dxe5 Nxe5 21. Qe4 Qxa2 22. Rxa7 Qc4 23. Qxc4 Nxc4 24. Bf4 Ne5 25. Rb1 Rd7 26. Rxd7 Nxd7 27. Rb7 Nc5 28. Rb8 Rxb8 29. Bxb8 Ne6 30. Bd6 h6 31. g4 1/2-1/2

[Event "Mukachevo IM June 2019"]
[Site "Mukachevo"]
[Date "2019.06.28"]
[Round "7.5"]
[White "Priehoda, Vitezslav"]
[Black "Larkin, Vladyslav"]
[Result "1/2-1/2"]
[ECO "A37"]
[WhiteElo "2361"]
[BlackElo "2398"]
[Annotator "NA"]
[PlyCount "141"]
[EventDate "2019.06.24"]
[EventType "tourn"]
[EventCountry "UKR"]
[SourceTitle "playchess.com"]
[Source "ChessBase"]
[SourceQuality "1"]
[TimeControl "40/5400+30:900+30"]

1. c4 c5 2. Nf3 Nc6 3. Nc3 g6 4. g3 Bg7 5. Bg2 d6 6. O-O Nh6 7. a3 $11 O-O 8. d3 Nf5 9. Bd2 a6 10. Rb1 Rb8 11. b4 cxb4 12. axb4 b5 13. cxb5 axb5 14. e3 d5 15. Nxd5 e6 16. Nc3 Qxd3 17. Qe2 Rd8 18. Qxd3 Rxd3 19. Ne4 Bb7 20. Nc5 Rd6 21. Nxb7 Rxb7 22. Rfc1 Rbd7 23. Be1 Nfe7 24. Nd2 f5 25. Nb3 Ne5 26. Nc5 Nd3 27. Rd1 Nb2 28. Rdc1 Nd3 29. Nxd7 Nxc1 30. Rxc1 Rxd7 31. Kf1 Kf7 32. Bf3 Rd6 33. Rc7 Rb6 34. Be2 Be5 35. Ra7 Bd6 36. f4 Bb8 37. Ra3 Bd6 38. Bf3 Nc6 39. Rb3 Ke7 40. Ke2 Ra6 41. Bc3 Ra2+ 42. Kf1 Kd7 43. Be2 Na7 44. Bd4 Ra4 45. Bxa7 Rxa7 46. Bxb5+ Kc7 47. Be2 Kb6 48. b5 Bc5 49. Kf2 Ra4 50. Rd3 e5 51. fxe5 Re4 52. Bf3 Rxe5 53. Bc6 Re7 54. Kf3 g5 55. Bd7 Re5 56. Rb3 h6 57. Bc6 Re7 58. h3 h5 59. Rd3 h4 60. gxh4 gxh4 61. Bd7 Bxe3 62. Rxe3 Rxd7 63. Kf4 Kxb5 64. Kxf5 Kc5 65. Kg5 Kd4 66. Re8 Rh7 67. Kg6 Rd7 68. Rh8 Ke5 69. Rxh4 Rd3 70. Rh5+ Kf4 71. Rf5+ {Ke5} 1/2-1/2

[Event "Mukachevo IM June 2019"]
[Site "Mukachevo"]
[Date "2019.06.28"]
[Round "8.1"]
[White "Sakun, Volodymyr"]
[Black "Terletsky, Oleg"]
[Result "1-0"]
[ECO "C92"]
[WhiteElo "2349"]
[BlackElo "2318"]
[Annotator "NA"]
[PlyCount "81"]
[EventDate "2019.06.24"]
[EventType "tourn"]
[EventCountry "UKR"]
[SourceTitle "playchess.com"]
[Source "ChessBase"]
[SourceQuality "1"]
[TimeControl "40/5400+30:900+30"]

1. e4 e5 2. Nf3 Nc6 3. Bb5 a6 4. Ba4 Nf6 5. O-O Be7 6. Re1 b5 7. Bb3 d6 8. c3 O-O 9. h3 Bb7 10. d4 Re8 11. Nbd2 Bf8 12. a3 h6 13. Bc2 Nb8 14. b3 Nbd7 15. Bb2 g6 16. Bd3 Bg7 17. Qc2 c6 18. a4 Qc7 19. Rad1 Rad8 20. axb5 axb5 21. c4 exd4 22. cxb5 Nc5 23. bxc6 Nxd3 24. Qxd3 Bxc6 25. Nxd4 Ba8 26. Rc1 Qd7 27. Ba1 d5 28. e5 Ne4 29. N2f3 Bf8 30. e6 fxe6 31. Ne5 Qh7 32. Ndc6 Bxc6 33. Rxc6 Bc5 34. Bd4 Bxd4 35. Qxd4 Qg7 36. Rec1 Nd6 37. Rc7 Qf6 38. Qe3 Nf5 39. Ng4 Qh8 40. Qa7 h5 41. Rh7 1-0

[Event "Mukachevo IM June 2019"]
[Site "Mukachevo"]
[Date "2019.06.28"]
[Round "8.2"]
[White "Larkin, Vladyslav"]
[Black "Karelina, Polina"]
[Result "1-0"]
[ECO "A45"]
[WhiteElo "2398"]
[BlackElo "1718"]
[Annotator "NA"]
[PlyCount "51"]
[EventDate "2019.06.24"]
[EventType "tourn"]
[EventCountry "UKR"]
[SourceTitle "playchess.com"]
[Source "ChessBase"]
[SourceQuality "1"]
[TimeControl "40/5400+30:900+30"]

1. d4 Nf6 2. Bf4 g6 3. e3 Bg7 4. h3 O-O 5. Nd2 d6 6. c3 Nbd7 7. Ngf3 c5 8. Bh2 b6 9. Bd3 Bb7 10. O-O Rc8 11. Qe2 Re8 12. Bc4 d5 13. Bb5 Bc6 14. Ba6 Ra8 15. b4 cxb4 16. cxb4 Nb8 17. Bd3 Nbd7 18. Rfc1 Bb7 19. Bc7 Qc8 20. Bxb6 Qb8 21. Bc7 Qc8 22. a4 Nb8 23. Ba5 Qe6 24. Rc7 Bc8 25. Rac1 Na6 26. R7c6 1-0

[Event "Mukachevo IM June 2019"]
[Site "Mukachevo"]
[Date "2019.06.28"]
[Round "8.3"]
[White "Tiba, Vladyslav"]
[Black "Oros, Robert"]
[Result "1/2-1/2"]
[ECO "C04"]
[WhiteElo "2375"]
[BlackElo "2321"]
[Annotator "NA"]
[PlyCount "60"]
[EventDate "2019.06.24"]
[EventType "tourn"]
[EventCountry "UKR"]
[SourceTitle "playchess.com"]
[Source "ChessBase"]
[SourceQuality "1"]
[TimeControl "40/5400+30:900+30"]

1. e4 e6 2. d4 d5 3. Nd2 Nc6 4. Ngf3 Nf6 5. e5 Nd7 6. Nb3 b6 7. h4 a5 8. a4 Ba6 9. Bxa6 Rxa6 10. Ng5 Qe7 11. c3 Ra8 12. Qd3 f5 13. Qf3 h5 14. Nd2 g6 15. b3 Nd8 16. Ba3 c5 17. c4 Nc6 18. Nxe6 Qxe6 19. cxd5 Ndxe5 20. dxe6 Nxf3+ 21. Nxf3 Nxd4 22. Nxd4 cxd4 23. Bxf8 Rxf8 24. O-O-O Rd8 25. Rh3 Rf6 26. Rhd3 Rxe6 27. Rxd4 Rc6+ 28. Kb2 Rxd4 29. Rxd4 Ke7 30. g3 Ke6 1/2-1/2

[Event "Mukachevo IM June 2019"]
[Site "Mukachevo"]
[Date "2019.06.28"]
[Round "8.4"]
[White "Terbe, Zsuzsanna"]
[Black "Priehoda, Vitezslav"]
[Result "1/2-1/2"]
[ECO "A40"]
[WhiteElo "2160"]
[BlackElo "2361"]
[Annotator "NA"]
[PlyCount "62"]
[EventDate "2019.06.24"]
[EventType "tourn"]
[EventCountry "UKR"]
[SourceTitle "playchess.com"]
[Source "ChessBase"]
[SourceQuality "1"]
[TimeControl "40/5400+30:900+30"]

1. d4 e6 2. Bf4 f5 3. Nf3 Nf6 4. e3 b6 5. Bd3 Bb7 6. O-O Be7 7. c4 O-O 8. Re1 Nh5 9. Bg3 Nxg3 10. hxg3 Bf6 11. Nc3 Nc6 12. a3 a5 13. Bc2 g5 14. Qd2 g4 15. Nh2 Kh8 16. d5 Ne5 17. b3 a4 18. Nxa4 Rxa4 19. bxa4 Nxc4 20. Qd1 Bxa1 21. Qxa1+ Qf6 22. dxe6 dxe6 23. Bb3 Ne5 24. Rc1 Rf7 25. Nf1 Kg7 26. Qc3 Rd7 27. Nd2 Nd3 28. Bxe6 Nxc1 29. Qxf6+ Kxf6 30. Bxd7 Bd5 31. f3 c6 1/2-1/2

[Event "Mukachevo IM June 2019"]
[Site "Mukachevo"]
[Date "2019.06.28"]
[Round "8.5"]
[White "Vachylia, Andrii"]
[Black "Boricsev, Oleg"]
[Result "1/2-1/2"]
[ECO "C01"]
[WhiteElo "2263"]
[BlackElo "2252"]
[Annotator "NA"]
[PlyCount "51"]
[EventDate "2019.06.24"]
[EventType "tourn"]
[EventCountry "UKR"]
[SourceTitle "playchess.com"]
[Source "ChessBase"]
[SourceQuality "1"]
[TimeControl "40/5400+30:900+30"]

1. e4 e6 2. d4 d5 3. exd5 exd5 4. Nf3 Nf6 5. Bd3 Be7 6. O-O Bg4 7. h3 Bh5 8. Bg5 O-O 9. Nbd2 Nbd7 10. Re1 Re8 11. c3 c6 12. Qc2 Bg6 13. Ne5 Bxd3 14. Qxd3 Nf8 15. Bxf6 Bxf6 16. Ng4 Qd6 17. Nf3 h5 18. Nxf6+ Qxf6 19. a4 a5 20. Ne5 Re7 21. Re3 Rae8 22. Rae1 Qh6 23. Ng4 Qd6 24. Ne5 Qh6 25. Ng4 Qd6 26. Ne5 1/2-1/2

[Event "Mukachevo IM June 2019"]
[Site "Mukachevo"]
[Date "2019.06.29"]
[Round "9.1"]
[White "Oros, Robert"]
[Black "Sakun, Volodymyr"]
[Result "1/2-1/2"]
[ECO "D46"]
[WhiteElo "2321"]
[BlackElo "2349"]
[Annotator "NA"]
[PlyCount "55"]
[EventDate "2019.06.24"]
[EventType "tourn"]
[EventCountry "UKR"]
[SourceTitle "playchess.com"]
[Source "ChessBase"]
[SourceQuality "1"]
[TimeControl "40/5400+30:900+30"]

1. d4 d5 2. c4 c6 3. Nc3 Nf6 4. Nf3 e6 5. e3 Nbd7 6. Bd3 Bd6 7. O-O O-O 8. e4 dxc4 9. Bxc4 e5 10. Re1 Qe7 11. h3 b5 ({Better is} 11... exd4 $11 12. Nxd4 Ne5) 12. Bd3 Bb7 13. a4 a6 14. Bg5 h6 15. Bh4 Rfd8 16. axb5 axb5 17. Rxa8 Bxa8 18. Qa1 b4 $14 (18... exd4 $11 19. Nxd4 Be5) 19. Ne2 c5 20. d5 g5 21. Nxg5 hxg5 22. Bxg5 Nf8 23. Ng3 N8h7 24. Nf5 Qf8 25. Nh6+ Kg7 26. Nf5+ Kg8 27. Nh6+ Kg7 28. Nf5+ 1/2-1/2

[Event "Mukachevo IM June 2019"]
[Site "Mukachevo"]
[Date "2019.06.29"]
[Round "9.2"]
[White "Karelina, Polina"]
[Black "Terbe, Zsuzsanna"]
[Result "0-1"]
[ECO "B23"]
[WhiteElo "1718"]
[BlackElo "2160"]
[Annotator "ChessBase"]
[PlyCount "28"]
[EventDate "2019.06.24"]
[EventType "tourn"]
[EventCountry "UKR"]
[SourceTitle "playchess.com"]
[Source "ChessBase"]
[SourceQuality "1"]
[TimeControl "40/5400+30:900+30"]

1. e4 c5 2. Nc3 Nc6 3. f4 g6 4. Nf3 Bg7 5. Bc4 e6 6. a3 Nge7 7. O-O d5 8. Bb5 O-O 9. e5 f6 10. Qe1 fxe5 11. fxe5 Nd4 12. Ba4 Nxf3+ 13. gxf3 c4 14. Nd1 b5 0-1

[Event "Mukachevo IM June 2019"]
[Site "Mukachevo"]
[Date "2019.06.29"]
[Round "9.4"]
[White "Priehoda, Vitezslav"]
[Black "Vachylia, Andrii"]
[Result "1/2-1/2"]
[ECO "E98"]
[WhiteElo "2361"]
[BlackElo "2263"]
[Annotator "NA"]
[PlyCount "69"]
[EventDate "2019.06.24"]
[EventType "tourn"]
[EventCountry "UKR"]
[SourceTitle "playchess.com"]
[Source "ChessBase"]
[SourceQuality "1"]
[TimeControl "40/5400+30:900+30"]

1. c4 Nf6 2. d4 g6 3. Nc3 Bg7 4. e4 d6 5. Be2 O-O 6. Nf3 e5 7. O-O Nc6 8. d5 Ne7 9. Ne1 Nd7 10. Be3 f5 11. f3 f4 12. Bf2 g5 13. a4 a5 14. Nd3 Ng6 {[%emt 0:18:00] E99: King's Indian: Classical Main Line: 9 Ne1 Nd7 10 f3 f5} (14... b6 15. b4 axb4 16. Nxb4 Nf6 17. Be1 Rf7 18. Nd3 Ng6 19. Nf2 Bf8 20. Nb5 h5 21. a5 bxa5 22. Rxa5 Rxa5 23. Bxa5 g4 24. fxg4 hxg4 25. Bxg4 Nxg4 26. Nxg4 {0-1 (40) Kozul,Z (2608)-Vovk,A (2614) Trieste 2014}) 15. c5 Rf7 16. Nb5 Nf6 17. cxd6 $146 ({Predecessor:} 17. Rc1 g4 18. cxd6 cxd6 19. Qc2 g3 20. hxg3 fxg3 21. Bxg3 Bh6 22. Nc7 Rb8 23. Bf2 Bd7 {1-0 (42) Koerant,F (1955)-Panagiotakos,P (1868) Athens 2013}) 17... cxd6 18. b4 g4 19. bxa5 $14 Rxa5 20. Rc1 Bf8 21. Qc2 Bd7 22. Qc7 Qxc7 23. Rxc7 Rxa4 24. Rxb7 Rg7 25. Rc1 h5 26. Kh1 h4 27. Nc3 Ra3 28. fxg4 Bxg4 29. Rxg7+ Bxg7 30. Bxg4 Nxg4 31. h3 Nxf2+ 32. Nxf2 f3 33. Ng4 fxg2+ 34. Kxg2 Nf4+ 35. Kh2 1/2-1/2